 Dungeon Crawl Stone Soup version 0.31.0-11-ge490571c62 (webtiles) character file.

Game seed: 2355608452197936999

42 Arcadio the Poker (level 3, -2/30 HPs)
             Began as a Merfolk Monk on Jan 28, 2024.
             Slain by a gnoll
             ... wielding a +0 flail
              (7 damage)
             ... on level 2 of the Dungeon.
             The game lasted 00:01:43 (878 turns).

Arcadio the Poker (Merfolk Monk)                     Turns: 878, Time: 00:01:44

Health: -2/30      AC:  8    Str: 13    XL:     3   Next: 54%
Magic:  3/3        EV:  8    Int:  9    God:
Gold:   20         SH:  0    Dex: 16    Spells: 2/2 levels left

rFire   . . .        a - +0 spear
rCold   . . .        d - orb {light}
rNeg    . . .        e - +0 chain mail
rPois   .            (no helmet)
rElec   .            (no cloak)
rCorr   .            (no gloves)
SInv    .            (no boots)
Will    .....        (no amulet) Stlth
                     (no ring)
HPRegen 0.25/turn    (no ring)
MPRegen 0.08/turn

%: no passive effects
@: glowing
A: (nimble swimmer 2), mertail
a: no special abilities


You were on level 2 of the Dungeon.
You visited 1 branch of the dungeon, and saw 2 of its levels.

You collected 20 gold pieces.

Inventory:

Hand Weapons
 a - a +0 spear (weapon)
Armour
 b - a +0 robe
 d - an orb of light (worn)
 e - a +0 chain mail (worn)
Scrolls
 f - a scroll of vulnerability {unknown}
 g - 2 scrolls of teleportation {unknown}
 h - a scroll of poison {unknown}
 i - 3 scrolls of noise {unknown}
 j - a scroll of fear {unknown}
Potions
 c - a potion of ambrosia


   Skills:
 + Level 3.9 Fighting
 + Level 4.7 Polearms
 + Level 4.7 Dodging


You had 2 spell levels left.
You didn't know any spells.
Your spell library contained the following spells:

 Spells                   Type           Power      Damage    Failure   Level
 Magic Dart               Conj           0%         1d3       100%        1
 Searing Ray              Conj           0%         2d4       100%        2
 Fulminant Prism          Conj/Alch      0%         3d5       100%        4


Dungeon Overview and Level Annotations

Branches:
Dungeon (2/15)

Altars:


Innate Abilities, Weirdness & Mutations

((You are very nimble when in or above water. (Stealth+, EV+, Speed+++)))
Your lower body shifts to a powerful aquatic tail in water.


Message History

Done exploring.
There is a large open door here.
There is a stone staircase leading down here.
You climb downwards.
There is a stone staircase leading up here.
You see here a +0 great sword.
A gnoll comes into view.
It is wielding a +0 club. 2 gnolls come into view.
The gnoll shouts!
You hear a shout!
A gnoll comes into view. It is wielding a +0 spear.
The gnoll hits you with a +0 club.
You hit the gnoll.
The gnoll is lightly wounded.
You hit the gnoll but do no damage.
The gnoll is lightly wounded.
The gnoll hits you with a +0 club.
You hit the gnoll.
The gnoll is moderately wounded.
The gnoll barely misses you.
You hit the gnoll.
The gnoll is severely wounded.
The gnoll hits you with a +0 club.
You hit the gnoll.
The gnoll is severely wounded.
The gnoll hits you from afar with a +0 spear.
The gnoll hits you but does no damage. The gnoll hits you with a +0 flail.
You hit the gnoll.
You kill the gnoll!
The gnoll closely misses you. The gnoll barely misses you.
You hit the gnoll but do no damage. You hit the gnoll but do no damage.
The gnoll hits you from afar with a +0 spear.
The gnoll closely misses you.
You hit the gnoll.
The gnoll is moderately wounded.
The gnoll hits you with a +0 flail.
The gnoll hits you from afar with a +0 spear.
* * * LOW HITPOINT WARNING * * *
The gnoll attacks as it pursues you! The gnoll hits you with a +0 flail!
You die...

#..#.##.#
####.....<.# #....#
#<.## . #....#
##..####...
#....##+#..........
#........#.#.###... #
#........#+#.#
....####).......)...#
#...gg..g@..##.#....#
##...####...##.#.(..#
## ###.##.#....#
#.##.#...##
#....#....
#.####.#### #.. #.#


You could see 3 gnolls.

Vanquished Creatures
  A gnoll (D:2)
  A dart slug (D:1)
  A ball python (D:1)
  A bat (D:1)
  4 endoplasms (D:1)
  5 giant cockroaches (D:1)
  2 hobgoblins (D:1)
  4 kobolds (D:1)
  2 quokkas (D:1)
  3 frilled lizards (D:1)
  2 rats (D:1)
26 creatures vanquished.

Notes
Turn   | Place    | Note
-------+----------+-------------------------------------------
     0 | D:1      | Arcadio the Merfolk Monk began the quest for the Orb.
     0 | D:1      | Reached XP level 1. HP: 18/18 MP: 1/1
   100 | D:1      | Reached XP level 2. HP: 22/24 MP: 2/2
   397 | D:1      | Reached XP level 3. HP: 23/30 MP: 3/3
   878 | D:2      | Slain by a gnoll

Illustrated notes

Levels and vault maps discovered:
D:1:      saegor_arrival_simple_e, layout_loops_ring, minivault_25, st_stairs_1
D:2:      layout_basic, minmay_close_crescents, uniq_crazy_yiuf_cottage

Action                     || total
---------------------------++-------
  Melee: Spear             ||    97
 Armour: Chain mail        ||    74
  Dodge: Dodged            ||    19
